 Dungeon Crawl Stone Soup version 0.22-a0-458-gb446440d2e (webtiles) character file.

1521 HANFGEIST the Insei (level 8, -5/48 HPs)
             Began as an Octopode Transmuter on June 8, 2018.
             Was a Follower of Ashenzari.
             Killed by nerve-wracking pain
             ... invoked by an orc priest
              (13 damage)
             ... on level 6 of the Dungeon.
             The game lasted 00:17:32 (8299 turns).

HANFGEIST the Insei (Octopode Transmuter)           Turns: 8299, Time: 00:17:33

Health: -5/48      AC:  2    Str:  9    XL:     8   Next: 84%
Magic:  20/21      EV: 24    Int: 17    God:    Ashenzari [*.....]
Gold:   275        SH:  0    Dex: 18    Spells: 2/13 levels left

rFire    . . .     SeeInvis .     - Unarmed
rCold    . . .     Gourm    .   (shield currently unavailable)
rNeg     . . .     Faith    .   (helmet currently unavailable)
rPois    x         Spirit   .   (no amulet)
rElec    .         Reflect  .   m - ring of magical power (curse)
rCorr    .         Harm     .   (no ring)
MR       .....                  (no ring)
Stlth    ++........             (no ring)
HPRegen  0.16/turn              (no ring)
MPRegen  0.17/turn              (no ring)
                                (no ring)
                                (no ring)

@: spider-form
A: tiny, almost no armour, stealthy swim, (amphibious), 8 rings, (constrict 8)
a: End Transformation, Curse Item, Scrying, Renounce Religion


You were on level 6 of the Dungeon.
You worshipped Ashenzari.
Ashenzari was aware of your devotion.
You were not hungry.
You were a venomous arachnid creature.
You visited 2 branches of the dungeon, and saw 7 of its levels.
You also visited: Ossuary.

You collected 275 gold pieces.

Inventory:

Hand Weapons
 n - a +1 hunting sling of flaming
Missiles
 a - 38 arrows
 o - 90 sling bullets
 s - a throwing net (quivered)
Jewellery
 m - a cursed ring of magical power (left front leg)
Wands
 v - a wand of paralysis (18)
Scrolls
 b - 2 scrolls of remove curse
 d - 6 scrolls of teleportation
 f - 4 scrolls of identify
 l - a scroll of fear {unknown}
 q - a scroll of amnesia {unknown}
 r - 2 scrolls of vulnerability {unknown}
 t - a scroll of blinking {unknown}
 u - a scroll of magic mapping
 y - a scroll of enchant weapon {unknown}
Potions
 e - 2 potions of magic {unknown}
 g - 4 potions of haste
 h - 4 potions of heal wounds {unknown}
 i - 4 potions of curing
 j - 2 potions of lignification
 k - 2 potions of brilliance
 w - a potion of might
 x - 2 potions of cancellation
 z - a potion of mutation {unknown}
Comestibles
 c - 6 rations


   Skills:
 + Level 1.4 Fighting
 - Level 1.3 Slings
 * Level 5.3 Dodging
 + Level 1.9 Stealth
 * Level 6.4 Unarmed Combat
 - Level 3.0 Spellcasting
 * Level 6.2 Transmutations
 + Level 2.9 Poison Magic


You had 2 spell levels left.
You knew the following spells:

 Your Spells              Type           Power        Failure   Level  Hunger
a - Beastly Appendage     Tmut           ###...       6%          1    None
b - Sticks to Snakes      Tmut           ###.....     8%          2    ##.....
c - Spider Form           Tmut/Pois      ###.......   21%         3    ###....
d - Blade Hands           Tmut           ###.......   58%         5    ######.

Your spell library contained the following spells:

 Spells                   Type           Power        Failure   Level  Hunger
 Ice Form                 Ice/Tmut       ##......     65%         4    ####...


Dungeon Overview and Level Annotations

Branches:
Dungeon (6/15)             Temple (1/1) D:4

Altars:
Ashenzari
Elyvilon
Fedhas
Gozag
Kikubaaqudgha
Nemelex Xobeh
Okawaru
Qazlal
Ru
Sif Muna
Trog
Uskayaw
Vehumet
Wu Jian
Yredelemnul
Zin


Innate Abilities, Weirdness & Mutations

You cannot wear most types of armour.
You are very stealthy in the water. (Stealth+)
((You are amphibious.))
You can wear up to eight rings at the same time.
((You can use your tentacles to constrict eight enemies at once.))
((Your skin changes colour to match your surroundings (Stealth+).))
((Your rubbery body absorbs attacks. (AC +1, EV +1)))


Message History

The orc priest invokes the aid of Beogh against you.
Beogh smites you!
You hear some strange, mumbled words.
Deactivating autopickup; reactivate with Ctrl-A.
You are confused.
The orc completely misses you. The hound skeleton misses you.
The orc shouts!
You feel better.
The orc shouts!
The orc priest mumbles some strange prayers to Beogh against you.
Beogh smites you!
* * * LOW HITPOINT WARNING * * *
The hound skeleton barely misses you. The orc closely misses you.
Unknown command.
You closely miss the orc priest. The hound skeleton closely misses you.
The orc hits you with a hand axe.
* * * LOW HITPOINT WARNING * * *
The orc priest invokes the aid of Beogh against you.
Pain shoots through your body!
You die...

... #........#######
...... #........##.....
...... #........##.####
...... #........##.#...
......###........##.#.##
.................##.#.#
.......o.).#####.##.#.#
.....oooZ..# #.##.#.##
....o.os{..# #.##.#...
##>##..o......##.##.###.
#......##.##.##.# #.
#......# ##.##.###.
#$.....# #........
#......# ####.##..
######## #.#### #.^ ####


You could see an orc priest, 6 orcs and a hound skeleton.

Vanquished Creatures
  A black bear (D:6)
  3 big kobolds (D:3)
  A bullfrog (D:4)
  5 water moccasin zombies (Ossuary)
  3 scorpions
  A crimson imp (D:5)
  A jelly (D:6)
  A gnoll shaman (D:5)
  A hound (D:5)
  2 worker ants
  2 iguanas
  An orc wizard (D:4)
  2 big kobold zombies (Ossuary)
  A hound zombie (D:6)
  A hound skeleton (D:2)
  7 gnolls
  6 adders
  An ooze (D:1)
  5 adder zombies (Ossuary)
  4 worms
  A leopard gecko (D:2)
  16 orcs
  A ball python (D:2)
  7 bats
  7 giant cockroaches
  A gnoll zombie (Ossuary)
  36 goblins
  21 hobgoblins
  10 jackals
  6 kobolds
  4 quokkas
  8 frilled lizards
  2 hobgoblin zombies (Ossuary)
  4 kobold zombies (Ossuary)
  4 orc zombies (Ossuary)
  A quokka skeleton (D:5)
  6 rats
184 creatures vanquished.

Vanquished Creatures (collateral kills)
  A mummy (Ossuary)
  2 adders
  5 gnolls
  A worm (D:2)
  A ball python (D:6)
  A hobgoblin (D:3)
  A jackal (D:5)
  A hobgoblin zombie (Ossuary)
  A kobold zombie (Ossuary)
14 creatures vanquished.

Vanquished Creatures (others)
  An orc wizard (D:6)
  A mummy (Ossuary)
2 creatures vanquished.

Grand Total: 200 creatures vanquished

Notes
Turn   | Place    | Note
-------+----------+-------------------------------------------
     0 | D:1      | HANFGEIST the Octopode Transmuter began the quest for the Orb.
     0 | D:1      | Reached XP level 1. HP: 13/13 MP: 3/3
   401 | D:1      | Reached XP level 2. HP: 18/18 MP: 3/5
   714 | D:1      | Learned a level 2 spell: Sticks to Snakes
   974 | D:2      | Reached XP level 3. HP: 23/23 MP: 4/6
  1237 | D:2      | Reached XP level 4. HP: 14/28 MP: 7/7
  1931 | D:2      | Found a bloodstained altar of Trog.
  1959 | D:3      | Found an ornate altar of the Wu Jian Council.
  2274 | D:2      | Learned a level 3 spell: Spider Form
  2447 | D:3      | Reached XP level 5. HP: 33/33 MP: 6/8
  2572 | D:3      | Found an opulent altar of Gozag.
  2603 | D:3      | Found a stormy altar of Qazlal.
  2605 | D:3      | Found a basalt altar of Yredelemnul.
  2610 | D:3      | Found a hide-covered altar of Uskayaw.
  2610 | D:3      | Found a sacrificial altar of Ru.
  2611 | D:3      | Found an iron altar of Okawaru.
  3731 | D:3      | Noticed a big kobold
  3742 | D:3      | Reached XP level 6. HP: 34/38 MP: 10/10
  4086 | D:3      | Reached skill level 1 in Slings
  4232 | D:3      | Reached skill level 1 in Stealth
  4232 | D:3      | Reached XP level 7. HP: 37/43 MP: 11/11
  4283 | D:3      | Reached skill level 1 in Poison Magic
  4487 | D:4      | Found a staircase to the Ecumenical Temple.
  4499 | D:4      | Reached skill level 5 in Unarmed Combat
  4503 | Temple   | Entered the Ecumenical Temple
  4546 | Temple   | Became a worshipper of Ashenzari the Shackled
  4701 | D:4      | Found a sand-covered staircase.
  4706 | Ossuary  | Entered an ossuary
  5163 | Ossuary  | Learned a level 5 spell: Blade Hands
  5264 | Ossuary  | Reached skill level 5 in Transmutations
  5270 | Ossuary  | Reached XP level 8. HP: 37/48 MP: 12/12
  6749 | D:5      | Entered Level 5 of the Dungeon
  7568 | D:5      | Reached skill level 5 in Dodging
  7608 | D:6      | Reached * piety under Ashenzari
  8299 | D:6      | Killed from afar by an orc priest

Vault maps used:
D:1:      minmay_arrival_three_doors
D:2:      lightli_temple_of_fire
D:3:      minmay_goblin_kobold_castle, grunt_temple_overflow_open, first_ration,
          st_stairs_13, grunt_gozag_statues
D:4:      temple_fountains, enter_ossuary_5, kennysheep_opposing_triangles
D:5:      hangedman_decor_diamond_cutter
Temple:   oiseaux_autumnal_temple
Ossuary:  ossuary_tomb_2

Skill      XL: |  1  2  3  4  5  6  7  8 |
---------------+-------------------------+-----
Transmutations | 3 4 5 6 |  6.2
Dodging        | 3 4 5 |  5.3
Unarmed Combat | 4 5 6 |  6.4
Spellcasting   | 3 |  3.0
Slings         | 1 |  1.3
Stealth        | 1 |  1.9
Poison Magic   | 2 |  2.9
Fighting       | |  1.4

Action                   |  1- 3 |  4- 6 |  7- 9 || total
-------------------------+-------+-------+-------++-------
Melee: Unarmed           |    68 |   161 |   215 ||   444
       Constrict         |    17 |    19 |    25 ||    61
       Kick              |    18 |    18 |     8 ||    44
       Tentacles         |    11 |    10 |    17 ||    38
       Punch             |     1 |       |     4 ||     5
       Hunting sling     |       |     3 |       ||     3
 Fire: Hunting sling     |       |    34 |       ||    34
 Cast: Beastly Appendage |    17 |    27 |     9 ||    53
       Sticks to Snakes  |     2 |     6 |    18 ||    26
       Spider Form       |       |    13 |    20 ||    33
       Blade Hands       |       |       |     1 ||     1
Invok: Curse Item        |       |       |     1 ||     1
  Use: Scroll            |       |       |    10 ||    10
       Potion            |       |       |     1 ||     1
 Stab: Sleeping          |     2 |     5 |     3 ||    10
  Eat: Chunk             |     1 |    12 |    13 ||    26
       Ration            |       |       |     1 ||     1
Armor: Skin              |     4 |     7 |     9 ||    20
Dodge: Dodged            |    44 |   150 |   213 ||   407

Table legend:
 A = Spawn XP
 B = Non-spawn XP
 C = Spawn XP percentage of total XP
 D = Spawn monster count
 E = Non-spawn monster count
 F = Spawn count percentage of total count
 G = Total turns spent on level
                    A         B        C        D         E        F      G
               +---------+---------+-------+---------+---------+-------+---------
         Total |       0 |    2173 |   0.0 |       0 |     200 |   0.0 |  8299
               +---------+---------+-------+---------+---------+-------+---------
           D:1 |       0 |      29 |   0.0 |       0 |      15 |   0.0 |  1093
           D:2 |       0 |      97 |   0.0 |       0 |      31 |   0.0 |  1116
           D:3 |       0 |     636 |   0.0 |       0 |      81 |   0.0 |  2209
           D:4 |       0 |     259 |   0.0 |       0 |      17 |   0.0 |  1092
           D:5 |       0 |     370 |   0.0 |       0 |      19 |   0.0 |  1139
           D:6 |       0 |     255 |   0.0 |       0 |      10 |   0.0 |   411
       Ossuary |       0 |     527 |   0.0 |       0 |      27 |   0.0 |  1157
               +---------+---------+-------+---------+---------+-------+---------
